[ AOE2 MATCH · #473817430 ]
UnrankedMuisca vs Huns
[ REPLAY ANALYSIS · EXTRACTED FROM THE RECORDED GAME ]
Feudal
—
Castle
—
Imperial
—
| APM avg | 32.8 |
| APM peak | 42 |
| eAPM avg | 16.1 |
| Villagers / military | 10 / 0 |
Focus
⚔️ 16.7% · 🌾 83.3%
Feudal
—
Castle
—
Imperial
—
| APM avg | 32.6 |
| APM peak | 46 |
| eAPM avg | 15.8 |
| Villagers / military | 13 / 0 |
Focus
⚔️ 28.3% · 🌾 71.7%
Feudal
—
Castle
—
Imperial
—
| APM avg | 30.2 |
| APM peak | 45 |
| eAPM avg | 11.7 |
| Villagers / military | 17 / 0 |
Focus
⚔️ 11.6% · 🌾 88.4%
Feudal
—
Castle
—
Imperial
—
| APM avg | 42.4 |
| APM peak | 51 |
| eAPM avg | 18.2 |
| Villagers / military | 17 / 0 |
Focus
⚔️ 18.0% · 🌾 82.0%
Feudal
—
Castle
—
Imperial
—
| APM avg | 55.6 |
| APM peak | 89 |
| eAPM avg | 16.1 |
| Villagers / military | 17 / 0 |
Focus
⚔️ 17.0% · 🌾 83.0%
Feudal
—
Castle
—
Imperial
—
| APM avg | 60.9 |
| APM peak | 92 |
| eAPM avg | 20.4 |
| Villagers / military | 17 / 0 |
Focus
⚔️ 24.1% · 🌾 75.9%
Feudal
—
Castle
—
Imperial
—
| APM avg | 66.6 |
| APM peak | 85 |
| eAPM avg | 20.4 |
| Villagers / military | 9 / 0 |
Focus
⚔️ 50.8% · 🌾 49.2%
Feudal
—
Castle
—
Imperial
—
| APM avg | 62.3 |
| APM peak | 87 |
| eAPM avg | 24.2 |
| Villagers / military | 22 / 0 |
Focus
⚔️ 32.9% · 🌾 67.1%
Match map
Initial resources + every placement click. Lines = walls · curves = elevation contours. ◆ gold · ⬟ stone · ● berries · ✦ relic · ◌ wall gap
Your base
The Sage's base
Expensive PC Crasher's base
dadadada's base
CharChar's base
ThedissapointedInvader's base
deev's base
Timbrhoggvandi's base
Smoothed initial terrain · ◌ = detected wall gap · hover for details
Inputs per minute
— Trashclaus - - The Sage
Build order — Trashclaus
18 actions detected in the replay
| 0:01 | Queue | Villager (Male) |
| 0:02 | Queue | Villager (Male) |
| 0:03 | Build | House |
| 0:04 | Build | House |
| 0:29 | Queue | Villager (Male) |
| 0:53 | Build | Palisade Wall |
| 0:54 | Queue | Villager (Male) |
| 0:58 | Research | Loom |
| 1:13 | Queue | Villager (Male) |
| 1:25 | Queue | Villager (Male) |
| 1:54 | Build | Building 800 |
| 1:58 | Build | Building 800 |
| 2:01 | Build | Palisade Wall |
| 2:32 | Build | Palisade Wall |
| 2:32 | Queue | Villager (Male) |
| 2:38 | Queue | Villager (Male) |
| 3:20 | Queue | Villager (Male) |
| 3:34 | Queue | Villager (Male) |
Build order — The Sage
18 actions detected in the replay
| 0:01 | Queue | Villager (Male) |
| 0:02 | Queue | Villager (Male) |
| 0:02 | Queue | Villager (Male) |
| 0:03 | Build | House |
| 0:04 | Build | House |
| 0:10 | Queue | Villager (Male) |
| 1:19 | Queue | Villager (Male) |
| 1:41 | Queue | Villager (Male) |
| 1:41 | Queue | Villager (Male) |
| 1:51 | Build | Lumber Camp |
| 2:01 | Queue | Villager (Male) |
| 2:01 | Queue | Villager (Male) |
| 2:47 | Queue | Villager (Male) |
| 3:18 | Queue | Villager (Male) |
| 3:18 | Queue | Villager (Male) |
| 3:27 | Build | House |
| 3:27 | Build | House |
| 3:34 | Queue | Villager (Male) |
Build order — Expensive PC Crasher
18 actions detected in the replay
| 0:00 | Queue | Villager (Male) |
| 0:01 | Queue | Villager (Male) |
| 0:01 | Queue | Villager (Male) |
| 0:08 | Queue | Villager (Male) |
| 0:08 | Queue | Villager (Male) |
| 1:19 | Queue | Villager (Male) |
| 1:19 | Queue | Villager (Male) |
| 1:50 | Queue | Villager (Male) |
| 1:57 | Build | Lumber Camp |
| 2:09 | Queue | Villager (Male) |
| 2:34 | Queue | Villager (Male) |
| 2:34 | Queue | Villager (Male) |
| 2:53 | Queue | Villager (Male) |
| 3:33 | Queue | Villager (Male) |
| 3:33 | Queue | Villager (Male) |
| 4:09 | Queue | Villager (Male) |
| 4:10 | Queue | Villager (Male) |
| 4:10 | Queue | Villager (Male) |
Build order — dadadada
21 actions detected in the replay
| 0:00 | Queue | Villager (Male) |
| 0:01 | Queue | Villager (Male) |
| 0:02 | Build | House |
| 0:03 | Build | House |
| 0:12 | Queue | Villager (Male) |
| 0:13 | Queue | Villager (Male) |
| 0:13 | Queue | Villager (Male) |
| 0:13 | Queue | Villager (Male) |
| 1:20 | Queue | Villager (Male) |
| 1:42 | Queue | Villager (Male) |
| 2:16 | Queue | Villager (Male) |
| 2:46 | Queue | Villager (Male) |
| 2:47 | Queue | Villager (Male) |
| 2:47 | Queue | Villager (Male) |
| 3:05 | Build | Lumber Camp |
| 3:26 | Queue | Villager (Male) |
| 3:26 | Queue | Villager (Male) |
| 3:27 | Queue | Villager (Male) |
| 3:30 | Queue | Villager (Male) |
| 3:31 | Queue | Villager (Male) |
| 3:37 | Build | House |
Build order — CharChar
23 actions detected in the replay
| 0:01 | Queue | Villager (Male) |
| 0:03 | Build | House |
| 0:04 | Build | House |
| 0:17 | Queue | Villager (Male) |
| 0:18 | Queue | Villager (Male) |
| 0:18 | Queue | Villager (Male) |
| 0:18 | Queue | Villager (Male) |
| 0:34 | Research | Loom |
| 1:01 | Queue | Villager (Male) |
| 1:01 | Queue | Villager (Male) |
| 1:06 | Build | Palisade Wall |
| 1:40 | Build | Palisade Wall |
| 1:43 | Build | Lumber Camp |
| 1:46 | Queue | Villager (Male) |
| 1:46 | Queue | Villager (Male) |
| 2:31 | Queue | Villager (Male) |
| 3:01 | Queue | Villager (Male) |
| 3:01 | Queue | Villager (Male) |
| 3:20 | Queue | Villager (Male) |
| 3:20 | Queue | Villager (Male) |
| 3:20 | Queue | Villager (Male) |
| 3:43 | Queue | Villager (Male) |
| 3:43 | Queue | Villager (Male) |
Build order — ThedissapointedInvader
17 actions detected in the replay
| 0:00 | Queue | Villager (Male) ×4 |
| 0:02 | Build | House |
| 0:03 | Build | House |
| 1:08 | Queue | Villager (Male) |
| 1:41 | Queue | Villager (Male) |
| 1:41 | Queue | Villager (Male) |
| 2:29 | Queue | Villager (Male) |
| 2:35 | Build | Lumber Camp |
| 3:01 | Queue | Villager (Male) |
| 3:01 | Queue | Villager (Male) |
| 3:01 | Queue | Villager (Male) |
| 3:32 | Queue | Villager (Male) |
| 3:49 | Queue | Villager (Male) |
| 3:49 | Queue | Villager (Male) |
| 3:49 | Queue | Villager (Male) |
| 4:01 | Queue | Villager (Male) |
| 4:02 | Queue | Villager (Male) |
Build order — deev
11 actions detected in the replay
| 0:02 | Queue | Villager (Male) ×4 |
| 0:04 | Build | House |
| 0:05 | Build | House |
| 0:26 | Research | Loom |
| 0:26 | Queue | Villager (Male) |
| 0:27 | Queue | Villager (Male) |
| 0:27 | Queue | Villager (Male) |
| 0:27 | Queue | Villager (Male) |
| 0:36 | Build | Palisade Wall |
| 1:39 | Build | Lumber Camp |
| 3:16 | Queue | Villager (Male) |
Build order — Timbrhoggvandi
28 actions detected in the replay
| 0:01 | Queue | Villager (Male) |
| 0:01 | Queue | Villager (Male) |
| 0:02 | Build | House |
| 0:03 | Build | House |
| 0:16 | Queue | Villager (Male) |
| 0:16 | Queue | Villager (Male) |
| 0:17 | Queue | Villager (Male) |
| 0:57 | Queue | Villager (Male) |
| 0:59 | Research | Loom |
| 0:59 | Research | Loom |
| 1:35 | Queue | Villager (Male) |
| 1:35 | Queue | Villager (Male) |
| 1:54 | Queue | Villager (Male) |
| 1:54 | Queue | Villager (Male) |
| 1:54 | Queue | Villager (Male) |
| 2:02 | Build | Palisade Wall |
| 2:17 | Queue | Villager (Male) |
| 2:17 | Queue | Villager (Male) |
| 2:17 | Queue | Villager (Male) |
| 2:57 | Queue | Villager (Male) |
| 2:58 | Queue | Villager (Male) |
| 3:34 | Queue | Villager (Male) |
| 3:34 | Queue | Villager (Male) |
| 3:34 | Queue | Villager (Male) |
| 3:40 | Build | Lumber Camp |
| 3:55 | Queue | Villager (Male) |
| 3:56 | Queue | Villager (Male) |
| 3:56 | Queue | Villager (Male) |
Match timeline
| 0:36 | deev · wall_segment Palisade Wall x8 |
| 0:53 | Trashclaus · wall_segment Palisade Wall x10 |
| 1:06 | CharChar · wall_segment Palisade Wall x7 |
| 1:40 | CharChar · wall_segment Palisade Wall x1 |
| 2:01 | Trashclaus · wall_segment Palisade Wall x1 |
| 2:02 | Timbrhoggvandi · wall_segment Palisade Wall x10 |
| 2:32 | Trashclaus · wall_segment Palisade Wall x10 |
| 3:38 | deev · resign |
[ AI ANALYSIS · 1 CREDIT ]
What really happened in this match?
Wolo.gg analyzes every decision: build order, eco, micro, common mistakes by bracket. Personalized analysis on WhatsApp or Discord in 30 seconds.
Civ guide
Muisca
Perfil
Jugador #2065415